 Dungeon Crawl Stone Soup version 0.26-a0-612-gd4d190f45e (webtiles) character file.

Game seed: 995923254836420021

15 DogServant the Caller (level 2, 0/15 HPs)
             Began as a Tengu Summoner on Sept 10, 2020.
             Slain by an adder (3 damage)
             ... on level 2 of the Dungeon.
             The game lasted 00:02:58 (1302 turns).

DogServant the Caller (Tengu Summoner)              Turns: 1302, Time: 00:02:59

Health: 0/15       AC:  2    Str:  8    XL:     2   Next: 50%
Magic:  6/6        EV: 13    Int: 15    God:
Gold:   78         SH:  0    Dex: 14    Spells: 4/5 levels left

rFire    . . .     SeeInvis .   (no weapon)
rCold    . . .     Faith    .   (no shield)
rNeg     . . .     Spirit   .   a - +0 robe
rPois    .         Reflect  .   (helmet restricted)
rElec    .         Harm     .   (no cloak)
rCorr    .                      (no gloves)
MR       .....                  (boots unavailable)
Stlth    ++........             (no amulet)
HPRegen  0.05/turn              (no ring)
MPRegen  0.10/turn              (no ring)

@: lethally poisoned (0 -> -5)
A: beak, talons 3
a: no special abilities


You were on level 2 of the Dungeon.
You visited 1 branch of the dungeon, and saw 2 of its levels.

You collected 78 gold pieces.

Inventory:

Armour
 a - a +0 robe (worn)
Jewellery
 f - an uncursed amulet of magic regeneration {unknown}
Scrolls
 c - 2 scrolls of identify {unknown}
Potions
 b - a potion of stabbing {unknown}
 d - a potion of curing {unknown}
 e - a potion of magic {unknown}


   Skills:
 + Level 2.5 Dodging
 - Level 2.0 Stealth
 + Level 2.1 Spellcasting
 + Level 5.3 Summonings


You had 4 spell levels left.
You knew the following spells:

 Your Spells              Type           Power        Failure   Level
a - Summon Small Mammal   Summ           ###.         2%          1

Your spell library contained the following spells:

 Spells                   Type           Power        Failure   Level
 Call Imp                 Summ           ###.....     3%          2
 Call Canine Familiar     Summ           ###.....     8%          3
 Summon Guardian Golem    Hex/Summ       #.......     22%         3
 Summon Ice Beast         Ice/Summ       #.......     58%         4
 Summon Lightning Spire   Summ/Air       #.......     58%         4


Dungeon Overview and Level Annotations

Branches:
Dungeon (2/15)

Altars:


Innate Abilities, Weirdness & Mutations

You have a beak for a mouth.
You have claws for feet.


Message History

There is a stone staircase leading down here.
You climb downwards.
An adder, a quokka and a worm come into view.
Found a stone staircase leading up.
There is a stone staircase leading up here.
Memorise Call Imp, consuming 2 spell levels and leaving 2?
You start memorising the spell.
You continue memorising.
The adder closely misses you. The adder barely misses you.
You continue memorising.
The quokka closely misses you. The adder bites you.
Your memorisation is interrupted.
You are poisoned.
The adder poisons you!
You feel sick. The quokka bites you. The adder bites you.
* * * LOW HITPOINT WARNING * * *
The quokka closely misses you. The adder bites you but does no damage.
The quokka misses you.
A bat and a worm come into view.
The adder bites you.
You die...

# #.#
##...#######
...b.......##
##.##@....##
#....S<....#
....#..r.....#
###..w...<...#
##.##.....##
..w ##....#
### ##.#.#
.#.# .#.#


You could see 2 worms, an adder, a quokka and a bat (asleep).

Vanquished Creatures
  A dart slug (D:1)
  A frilled lizard (D:1)
  A goblin (D:1)
  A kobold (D:1)
4 creatures vanquished.

Vanquished Creatures (collateral kills)
  A dart slug (D:1)
  2 goblins (D:1)
  4 hobgoblins (D:1)
  4 kobolds (D:1)
  A bat (D:1)
  2 frilled lizards (D:1)
14 creatures vanquished.

Grand Total: 18 creatures vanquished

Notes
Turn   | Place    | Note
-------+----------+-------------------------------------------
     0 | D:1      | DogServant the Tengu Summoner began the quest for the Orb.
     0 | D:1      | Reached XP level 1. HP: 10/10 MP: 4/4
   140 | D:1      | Reached skill level 5 in Summonings
   485 | D:1      | Reached XP level 2. HP: 15/15 MP: 1/6
  1302 | D:2      | Slain by an adder

Illustrated notes

Levels and vault maps discovered:
D:1:      dpeg_arrival_water_temple_mockup, layout_loops_ring,
          hangedman_decor_growths
D:2:      layout_loops_ring

Skill      XL: |  1 |
---------------+----+-----
Summonings     | 5 |  5.3
Dodging        | |  2.5
Stealth        | |  2.0
Spellcasting   | |  2.1

Action                   || total
-------------------------++-------
Melee: Unarmed           ||    27
       Kick              ||     5
       Peck              ||     1
 Cast: Summon Small Mamm ||    34
Armor: Robe              ||     6
Dodge: Dodged            ||    35

Table legend: (Time is in decaauts)
 A = Elapsed time spent in this place.
 B = Non-inter-level travel time spent in this place.
 C = Inter-level travel time spent in this place.
 D = Time resting spent in this place.
 E = Time spent auto-exploring this place.
 F = Levels seen in this place.
 G = Mean time per level.
                   A        B        C        D        E       F      G
               +--------+--------+--------+--------+--------+-----+--------+
         Total |   1301 |   1290 |     11 |     34 |    989 |   2 |  650.5 |
       Dungeon |   1301 |   1290 |     11 |     34 |    989 |   2 |  650.5 |
               +--------+--------+--------+--------+--------+-----+--------+

Top non-repeatable levels by time:
     D:1: 1296 daAuts
     D:2: 5 daAuts
